 Dungeon Crawl Stone Soup version 0.25-a0-510-ge065f6de7d (webtiles) character file.

Game seed: 13675066353521721270, levelgen mode: deterministic

62637 kae the Black Belt (level 14, -4/118 HPs)
             Began as a Demonspawn Gladiator on Feb 15, 2020.
             Was the Champion of Wu Jian.
             Slain by a skeletal warrior
             ... wielding a +0 glaive of freezing
             ... led by a skeletal warrior
              (24 damage)
             ... on level 14 of the Dungeon.
             The game lasted 00:21:17 (20815 turns).

kae the Black Belt (Demonspawn Gladiator)          Turns: 20815, Time: 00:21:17

Health: -4/118     AC: 14    Str: 19    XL:     14   Next: 65%
Magic:  0/20       EV: 20    Int:  6    God:    Wu Jian [******]
Gold:   1328       SH:  0    Dex: 19    Spells: 13/13 levels left

rFire    + . .     SeeInvis .     - Unarmed
rCold    + . .     Gourm    .   (no shield)
rNeg     + + .     Faith    .   a - +0 leather armour
rPois    +         Spirit   +   b - +1 helmet
rElec    .         Reflect  .   G - scarf {rC+ rF+}
rCorr    .         Harm     .   Q - +0 pair of gloves of Pioxzas {rN++ Str+3 Int-3} (curse)
MR       +....                  (boots unavailable)
Stlth    +.........             m - amulet of guardian spirit
HPRegen  0.29/turn              M - +3 ring of protection
MPRegen  0.17/turn              N - ring of poison resistance

@: slowed, very slow
A: hooves 3, rugged brown scales 3, powered by death 1, spiny 1
a: Wall Jump, Serpent's Lash, Heavenly Storm, Renounce Religion


You were on level 14 of the Dungeon.
You worshipped Wu Jian.
Wu Jian was exalted by your worship.
You were hungry.

You visited 3 branches of the dungeon, and saw 21 of its levels.

You collected 1328 gold pieces.

Inventory:

Missiles
 c - 5 throwing nets (quivered)
Armour
 a - a +0 leather armour (worn)
 b - a +1 helmet (worn)
 s - the +1 pair of gloves "Jied" {+Blink MR+}
   (You found it on level 1 of the Lair of Beasts)

   It affects your resistance to hostile enchantments.
   It lets you blink.
   If you switch to wearing this armour, your AC will increase by 1 (14 -> 15).
 G - a scarf of resistance (worn)
 Q - the cursed +0 pair of gloves of Pioxzas (worn) {rN++ Str+3 Int-3}
   (You found it on level 6 of the Lair of Beasts)

   It affects your strength (+3).
   It affects your intelligence (-3).
   It greatly protects you from negative energy.
   If you remove this armour, your AC will decrease by 2 (14 -> 12).
   It has a curse placed upon it.
Jewellery
 m - an amulet of guardian spirit (around neck)
 n - an uncursed ring of stealth
 r - an uncursed ring of protection from fire
 u - a +3 ring of dexterity
 J - an uncursed amulet of magic regeneration
 M - a +3 ring of protection (left hand)
 N - a ring of poison resistance (right hand)
 V - a +4 ring of intelligence
Wands
 p - a wand of random effects (35)
 v - a wand of enslavement (7)
 z - a wand of disintegration (15)
 B - a wand of flame (27)
 C - a wand of acid (12)
 I - a wand of polymorph (7)
 T - a wand of iceblast (26)
 U - a wand of digging (11)
 W - a wand of clouds (2)
Scrolls
 f - 9 scrolls of teleportation
 g - 3 scrolls of magic mapping
 i - 2 scrolls of amnesia
 j - 7 scrolls of remove curse
 x - 6 scrolls of fog
 y - 7 scrolls of fear
 E - 2 scrolls of blinking
 F - 4 scrolls of enchant armour
Potions
 e - 2 potions of invisibility
 k - 8 potions of curing
 l - 3 potions of heal wounds
 o - 4 potions of cancellation
 q - a potion of berserk rage
 t - 5 potions of might
 w - 4 potions of agility
 A - a potion of magic
 D - 3 potions of lignification
 H - 2 potions of haste
 K - 2 potions of flight
 R - 4 potions of brilliance {unknown}
Comestibles
 d - 35 rations


   Skills:
 - Level 10.4 Fighting
 - Level 1.7 Throwing
 - Level 10.0 Armour
 - Level 10.0 Dodging
 + Level 15.5 Unarmed Combat
 - Level 8.0 Evocations


You had 13 spell levels left.
You didn't know any spells.
Your spell library contained the following spells:

 Spells                   Type           Power        Failure   Level  Hunger
 Corona                   Hex            #......      50%         1    ##.....
 Magic Dart               Conj           #...         50%         1    ##.....
 Shock                    Conj/Air       #...         50%         1    ##.....
 Blink                    Tloc           N/A          65%         2    ###....
 Call Imp                 Summ           #.......     65%         2    ###....
 Ensorcelled Hibernation  Hex/Ice        #.....       65%         2    ###....
 Slow                     Hex            #.......     65%         2    ###....
 Swiftness                Chrm/Air       #.......     65%         2    ###....
 Confusing Touch          Hex            #.......     86%         3    ####...
 Conjure Flame            Conj/Fire      #.......     86%         3    ####...
 Dazzling Flash           Conj/Hex       #.....       86%         3    ####...
 Mephitic Cloud           Conj/Pois/Air  #.......     86%         3    ####...
 Static Discharge         Conj/Air       #.......     86%         3    ####...
 Tukima's Dance           Hex            #.......     86%         3    ####...
 Airstrike                Air            #.........   99%         4    #####..
 Lightning Bolt           Conj/Air       #.........   100%        5    ######.


Dungeon Overview and Level Annotations

Branches:
Dungeon (14/15)            Temple (1/1) D:7            Lair (6/6) D:8
  Swamp (0/4) Lair:2        Snake (0/4) Lair:4        Slime (0/5) Lair:5
    Orc (0/2) D:12         Vaults (0/5) D:13

Altars:
Ashenzari
Cheibriados
Dithmenos
Elyvilon
Fedhas
Gozag
Hepliaklqana
Kikubaaqudgha
Makhleb
Nemelex Xobeh
Okawaru
Qazlal
Ru
Sif Muna
Trog
Uskayaw
Vehumet
Wu Jian
Xom
Yredelemnul
Zin
The Shining One
Jiyva

Shops:
D:14 [


Innate Abilities, Weirdness & Mutations

You have hooves in place of feet.
You are completely covered in rugged brown scales. (AC +3, +7% HP)
You regenerate a little health from kills.
You are partially covered in sharp spines.


Message History

* * * LOW HITPOINT WARNING * * *
You spin and attack the skeletal warrior.
You completely miss the skeletal warrior.
You kick the skeletal warrior.
You punch the skeletal warrior, but do no damage.
The skeletal warrior is lightly damaged.
The skeletal warrior hits you from afar with a +0 glaive of freezing.
* * * LOW HITPOINT WARNING * * *
The skeletal warrior hits you with a +0 flail!
* * * LOW HITPOINT WARNING * * *
The skeletal warrior hits you from afar with a +0 glaive of freezing!
* * * LOW HITPOINT WARNING * * *
The skeletal warrior freezes you.
The skeletal warrior hits you with a +0 flail!
* * * LOW HITPOINT WARNING * * *
The skeletal warrior hits you but does no damage.
You feel much better.
The skeletal warrior completely misses you.
The skeletal warrior hits you from afar with a +0 glaive of freezing!!
You die...

######.(# #...# +......
........# #...# #......
.......(# #...######......
........###+###...............
.......(......................
###..............########.....
#...........zz.# #.....
#####......z...# .....
#..<...@#### ..... #.......#
..... #.......# ... #.....###
#######


You could see 3 skeletal warriors.

Vanquished Creatures
  An ironheart preserver (D:13)
  Azrael (D:13)
  Nessos (Lair:4)
  5 dire elephants (Lair:6)
  Erolcha (D:10)
  9 hydras
  A catoblepas (Lair:5)
  4 centaur warriors
  An anaconda (Lair:6)
  2 two-headed ogres
  Sonja (D:12)
  6 unseen horrors
  A wizard (D:14)
  A lindwurm (Lair:5)
  2 cyclopes
  An ugly thing (D:11)
  3 manticores
  8 elephants
  2 black mambas
  7 spiny frogs
  3 gargoyles (D:11)
  A kobold demonologist (D:11)
  A rime drake (Lair:6)
  4 komodo dragons
  2 centaur skeletons
  3 meliai (Lair:5)
  3 trolls
  3 dream sheep (Lair:5)
  2 bog bodies (Lair:2)
  A hornet (D:11)
  4 slime creatures
  13 hippogriffs
  3 blink frogs (Lair:2)
  49 yaks
  A vampire (D:13)
  A wraith (D:13)
  4 basilisks
  6 wyverns
  A human (D:8)
  3 hungry ghosts
  2 fire elementals (D:13)
  6 hell hounds
  3 nagas (Lair:4)
  6 water moccasins
  2 acid dragons
  Duvessa (D:6)
  10 porcupines
  4 orc warriors
  An ice beast (D:10)
  4 sky beasts
  A necrophage (D:12)
  An eye of draining (D:13)
  4 phantoms
  18 wolves
  A black bear (D:8)
  7 centaurs
  4 ogres
  10 crocodiles
  9 bullfrogs
  2 big kobolds
  A wyvern skeleton (D:9)
  Dowan (D:6)
  A water moccasin zombie (D:10)
  5 scorpions
  A troll zombie (D:12)
  8 wights
  37 killer bees
  An electric eel (Lair:6)
  3 howler monkeys
  A lava snake (Lair:6)
  8 crimson imps
  2 centaur zombies
  2 jellies
  8 hounds
  9 orc priests
  2 bullfrog skeletons (D:4)
  7 orc wizards
  2 iguanas
  9 worker ants
  4 hell rats (Lair:5)
  5 ogre zombies (D:12)
  3 worker ant zombies
  A howler monkey skeleton (D:10)
  3 adders
  3 shadow imps
  An ooze (D:1)
  An adder skeleton (D:8)
  2 worms
  2 dart slugs (D:1)
  7 leopard geckos
  29 orcs
  2 ball pythons
  5 giant cockroaches
  5 hobgoblins
  8 jackals
  2 quokkas
  4 bats
  5 frilled lizards
  7 goblins
  2 goblin skeletons (D:12)
  A goblin zombie (D:12)
  A hobgoblin skeleton (D:12)
  2 jackal skeletons (D:6)
  14 kobolds
  2 orc skeletons (D:12)
  13 orc zombies (D:12)
  6 rats
  3 plants
513 creatures vanquished.

Vanquished Creatures (others)
  A dream sheep (Lair:5)
  A jelly (D:13)
  A shadow imp (D:13)
  6 fungi
  16 plants
25 creatures vanquished.

Grand Total: 538 creatures vanquished

Notes
Turn   | Place    | Note
-------+----------+-------------------------------------------
     0 | D:1      | kae the Demonspawn Gladiator began the quest for the Orb.
     0 | D:1      | Reached XP level 1. HP: 16/16 MP: 1/1
    90 | D:1      | Reached skill level 3 in Unarmed Combat
   196 | D:1      | Gained mutation: You have large cloven feet. [demonic
                  | ancestry]
   196 | D:1      | Reached XP level 2. HP: 22/22 MP: 2/2
   953 | D:2      | Gained mutation: You are partially covered in sharp spines.
                  | [demonic ancestry]
   953 | D:2      | Reached XP level 3. HP: 28/28 MP: 3/3
  1122 | D:2      | Found an opulent altar of Gozag.
  1596 | D:2      | Reached skill level 4 in Unarmed Combat
  1596 | D:2      | Gained mutation: You are partially covered in rugged brown
                  | scales. (AC +1, +3% HP) [demonic ancestry]
  1596 | D:2      | Reached XP level 4. HP: 26/35 MP: 4/4
  2111 | D:4      | Noticed a wyvern
  2126 | D:4      | Killed a wyvern
  2126 | D:4      | Reached skill level 5 in Unarmed Combat
  2126 | D:4      | Reached XP level 5. HP: 28/43 MP: 5/5
  2179 | D:4      | Gained mutation: You regenerate a little health from kills.
                  | [demonic ancestry]
  2179 | D:4      | Reached XP level 6. HP: 37/49 MP: 6/6
  2405 | D:4      | Reached skill level 6 in Unarmed Combat
  2671 | D:4      | Reached XP level 7. HP: 56/56 MP: 7/7
  2886 | D:5      | Entered Level 5 of the Dungeon
  3180 | D:5      | Found a snail-covered altar of Cheibriados.
  3273 | D:5      | Reached skill level 5 in Fighting
  3938 | D:6      | Reached skill level 7 in Unarmed Combat
  3948 | D:6      | Noticed Duvessa
  3968 | D:6      | Killed Duvessa
  4085 | D:6      | Noticed Dowan
  4089 | D:6      | Reached XP level 8. HP: 64/64 MP: 8/8
  4098 | D:6      | Killed Dowan
  4872 | D:7      | Reached skill level 8 in Unarmed Combat
  5063 | D:7      | Reached skill level 9 in Unarmed Combat
  5277 | D:7      | Found a staircase to the Ecumenical Temple.
  5287 | Temple   | Entered the Ecumenical Temple
  5374 | Temple   | Became a worshipper of the Wu Jian Council
  5419 | D:7      | Gained mutation: You have hoof-like feet. [demonic
                  | ancestry]
  5419 | D:7      | Reached XP level 9. HP: 74/74 MP: 9/9
  5720 | D:7      | Killed an unseen horror
  5720 | D:7      | Reached skill level 10 in Unarmed Combat
  6019 | D:8      | Found a staircase to the Lair.
  6100 | D:8      | Reached * piety under Wu Jian
  6107 | D:8      | Reached skill level 11 in Unarmed Combat
  6116 | D:8      | Gained mutation: You are mostly covered in rugged brown
                  | scales. (AC +2, +5% HP) [demonic ancestry]
  6116 | D:8      | Reached XP level 10. HP: 77/86 MP: 7/10
  6905 | D:9      | Found a shimmering blue altar of Sif Muna.
  7347 | D:9      | Found a bloodstained altar of Trog.
  7524 | Lair:1   | Entered Level 1 of the Lair of Beasts
  8209 | Lair:1   | Got a pair of smoking gloves
  8220 | Lair:1   | Identified the +1 pair of gloves "Jied" {+Blink MR+} (You
                  | found it on level 1 of the Lair of Beasts)
  8276 | Lair:2   | Reached skill level 12 in Unarmed Combat
  8480 | Lair:2   | Found a staircase to the Swamp.
  8521 | Lair:2   | Reached skill level 10 in Fighting
  8527 | Lair:2   | Reached ** piety under Wu Jian
  8529 | Lair:2   | Gained mutation: You are completely covered in rugged brown
                  | scales. (AC +3, +7% HP) [demonic ancestry]
  8529 | Lair:2   | Reached XP level 11. HP: 55/96 MP: 8/11
  8780 | Lair:2   | Noticed a six-headed hydra
  8787 | Lair:2   | Killed a six-headed hydra
  8787 | Lair:2   | Reached skill level 13 in Unarmed Combat
  9048 | Lair:2   | Reached skill level 1 in Evocations
  9059 | Lair:2   | Reached skill level 1 in Armour
 10183 | Lair:3   | Reached *** piety under Wu Jian
 10302 | Lair:3   | Noticed a six-headed hydra
 10313 | Lair:3   | Killed a six-headed hydra
 10639 | Lair:3   | Reached skill level 5 in Dodging
 10904 | Lair:4   | Noticed Nessos
 10917 | Lair:4   | Killed Nessos
 10930 | Lair:4   | Reached XP level 12. HP: 90/104 MP: 15/15
 10975 | Lair:4   | Found a staircase to the Snake Pit.
 10990 | Lair:4   | Reached skill level 5 in Evocations
 11272 | Lair:4   | Noticed a four-headed hydra
 11282 | Lair:4   | Killed a four-headed hydra
 11282 | Lair:4   | Reached skill level 5 in Armour
 11947 | Lair:5   | Reached **** piety under Wu Jian
 11996 | Lair:5   | Identified the +11 short sword "Afoodiupp" {drain, *Drain
                  | rPois Str+6}
 12313 | Lair:5   | Found a viscous altar of Jiyva.
 12313 | Lair:5   | Found a staircase to the Slime Pits.
 12376 | Lair:5   | Noticed an eight-headed hydra
 12384 | Lair:5   | Killed an eight-headed hydra
 12963 | Lair:5   | Noticed a catoblepas
 13001 | Lair:5   | Killed a catoblepas
 13220 | Lair:5   | Noticed a four-headed hydra
 13226 | Lair:5   | Killed a four-headed hydra
 13577 | Lair:6   | Entered Level 6 of the Lair of Beasts
 13577 | Lair:6   | Noticed a five-headed hydra
 13582 | Lair:6   | Killed a five-headed hydra
 13582 | Lair:6   | Reached XP level 13. HP: 86/111 MP: 10/16
 13598 | Lair:6   | Got a pair of jewelled gloves
 13745 | Lair:6   | Reached ***** piety under Wu Jian
 14879 | Lair:6   | Noticed a dire elephant
 14879 | Lair:6   | Noticed a dire elephant
 14898 | Lair:6   | Killed a dire elephant
 14907 | Lair:6   | Killed a dire elephant
 14907 | Lair:6   | Reached skill level 10 in Dodging
 15051 | Lair:6   | Noticed a dire elephant
 15061 | Lair:6   | Killed a dire elephant
 15816 | Lair:6   | Noticed a dire elephant
 15830 | Lair:6   | Killed a dire elephant
 15830 | Lair:6   | Reached skill level 10 in Armour
 15851 | Lair:6   | Noticed a dire elephant
 16072 | Lair:6   | Killed a dire elephant
 16314 | D:10     | Entered Level 10 of the Dungeon
 16680 | D:10     | You fall into a shaft and drop 3 floors!
 16680 | D:13     | Found a gate to the Vaults.
 16680 | D:13     | Noticed an ironheart preserver
 17025 | D:13     | Noticed Azrael
 17040 | D:13     | Killed an ironheart preserver
 17352 | D:12     | Noticed Sonja
 17357 | D:12     | Killed Sonja
 17595 | D:12     | Found a staircase to the Orcish Mines.
 17603 | D:12     | Gained mutation: You have hooves in place of feet. [demonic
                  | ancestry]
 17603 | D:12     | Reached XP level 14. HP: 112/118 MP: 20/20
 18220 | D:11     | Found a shadowy altar of Dithmenos.
 18596 | D:11     | Identified the cursed +0 pair of gloves of Pioxzas {rN++
                  | Str+3 Int-3} (You found it on level 6 of the Lair of
                  | Beasts)
 18692 | D:11     | Reached skill level 14 in Unarmed Combat
 19320 | D:10     | Noticed Erolcha
 19327 | D:10     | Killed Erolcha
 19457 | D:10     | Reached ****** piety under Wu Jian
 19778 | D:13     | Killed Azrael
 19872 | D:13     | Reached skill level 15 in Unarmed Combat
 20755 | D:14     | Found Gafeug's Antique Armour Shoppe.
 20815 | D:14     | Slain by a skeletal warrior

Levels and vault maps discovered:
D:1:      lightli_arrival_maybe_door_vault, layout_basic
D:2:      layout_loops_ring, kennysheep_cross_bottleneck,
          nicolae_gozag_cash_rules_everything_around_me
D:3:      layout_basic
D:4:      layout_basic, first_ration
D:5:      layout_basic, cheibrodos_worm_habitat
D:6:      layout_loops_ring, uniq_duvessa
D:7:      minmay_chambers_of_sevens, layout_basic, temple_fountains
D:8:      layout_loops_corners, due_lair_maze_entry_diamond, grunt_pizzeria
D:9:      layout_small_grid, basic_altar, minmay_misc_feat_room, trog_book
D:10:     layout_loops_ring, uniq_erolcha
D:11:     layout_layer_cave, nicolae_dithmenos_through_a_glass_darkly
D:12:     layout_basic, zombieorc1_lemuel, minmay_misc_feat_hallway, uniq_sonja
D:13:     layout_rooms, skrybe_vaults_entry_preservation, uniq_azrael
D:14:     layout_irregular_city, hangedman_abyss_or_decor_stabs, serial_shops,
          shop, kennysheep_dice, uniq_snorg
Temple:   compressed_dpeg_circular_temple
Lair:1:   layout_roguey
Lair:2:   layout_chaotic_city, skrybe_swamp_entry_bodies, minivault_26,
          grunt_megastairs_3
Lair:3:   layout_regular_city
Lair:4:   layout_gridlike, guppyfry_snake_entry_island, uniq_nessos
Lair:5:   regret_index_wax_grids, layout_gridlike, slime_altar_1,
          serial_bayou_shore_a, infiniplex_staircase_pool_2
Lair:6:   due_jungle_book, layout_gridlike

Skill      XL: |  1  2  3  4  5  6  7  8  9 10 11 12 13 14 |
---------------+-------------------------------------------+-----
Unarmed Combat | 3 4 5 6 7 9 11 12 13 15 | 15.5
Fighting       | 3 4 5 7 8 10 | 10.4
Evocations     | 4 5 8 |  8.0
Armour         | 4 8 10 | 10.0
Dodging        | 5 8 10 | 10.0
Throwing       | |  1.7

Action                   |  1- 3 |  4- 6 |  7- 9 | 10-12 | 13-15 || total
-------------------------+-------+-------+-------+-------+-------++-------
Melee: Unarmed           |    87 |    87 |   214 |   555 |   773 ||  1716
       Punch             |     3 |     1 |    17 |    57 |    81 ||   159
       Kick              |    14 |    33 |    92 |   283 |   353 ||   775
Invok: Lunge             |       |       |     4 |    32 |    42 ||    78
       Whirlwind         |       |       |       |    57 |    80 ||   137
       Serpent's Lash    |       |       |       |     1 |     3 ||     4
 Abil: Wall Jump         |       |       |       |       |     2 ||     2
Evoke: Wand              |       |       |       |     1 |    13 ||    14
  Use: Scroll            |     6 |     4 |     6 |     6 |    10 ||    32
       Potion            |       |     3 |       |     5 |     2 ||    10
 Stab: Sleeping          |     1 |       |     1 |       |     1 ||     3
       Invisible         |       |     2 |       |       |       ||     2
       Petrified         |       |       |       |     3 |       ||     3
       Petrifying        |       |       |       |     2 |       ||     2
       Distracted        |       |       |       |     1 |     1 ||     2
  Eat: Chunk             |     2 |     3 |     8 |    19 |    25 ||    57
       Ration            |       |       |     1 |     1 |     1 ||     3
Armor: Leather armour    |    16 |    24 |    40 |   112 |   156 ||   348
Dodge: Dodged            |    44 |    50 |   101 |   323 |   484 ||  1002

Table legend:
 A = Non-vault XP
 B = Vault XP
 C = Vault XP percentage of total XP
 D = Non-vault monster count
 E = Vault monster count
 F = Vault count percentage of total count
                 A         B        C        D         E       F
            +---------+---------+-------+---------+---------+-------
      Total |   65883 |   23599 |  26.4 |     379 |     132 |  25.8
            +---------+---------+-------+---------+---------+-------
        D:1 |      40 |       0 |   0.0 |      20 |       0 |   0.0
        D:2 |      57 |       0 |   0.0 |      11 |       0 |   0.0
        D:3 |      40 |       0 |   0.0 |      19 |       0 |   0.0
        D:4 |     624 |       0 |   0.0 |      18 |       0 |   0.0
        D:5 |     218 |       5 |   2.2 |       6 |       1 |  14.3
        D:6 |     341 |     225 |  39.8 |      16 |       2 |  11.1
        D:7 |    1373 |    1739 |  55.9 |      26 |      12 |  31.6
        D:8 |     390 |     941 |  70.7 |       5 |       9 |  64.3
        D:9 |     583 |       0 |   0.0 |      11 |       0 |   0.0
       D:10 |    3121 |    1033 |  24.9 |      21 |       1 |   4.5
       D:11 |   10067 |       0 |   0.0 |      45 |       0 |   0.0
       D:12 |    2261 |    1650 |  42.2 |      15 |      31 |  67.4
       D:13 |    8898 |    4295 |  32.6 |      32 |      16 |  33.3
       D:14 |    1365 |       0 |   0.0 |       5 |       0 |   0.0
     Lair:1 |     998 |       0 |   0.0 |       6 |       0 |   0.0
     Lair:2 |    7114 |     536 |   7.0 |      30 |       2 |   6.2
     Lair:3 |    5068 |       0 |   0.0 |      23 |       0 |   0.0
     Lair:4 |    2679 |    1520 |  36.2 |       8 |       4 |  33.3
     Lair:5 |    4904 |    8827 |  64.3 |      21 |      49 |  70.0
     Lair:6 |   15742 |    2828 |  15.2 |      41 |       5 |  10.9
            +---------+---------+-------+---------+---------+-------
